 Dungeon Crawl Stone Soup version 0.17-a0-1718-g72dbe4d (webtiles) character file.

1517 urechis the Spear-Bearer (level 8, -1/87 HPs)
             Began as a Demonspawn Abyssal Knight on Aug 24, 2015.
             Was a Priest of Lugonu.
             Splashed by a jelly's acid (5 damage)
             ... on level 6 of the Dungeon.
             The game lasted 00:14:37 (6882 turns).

urechis the Spear-Bearer (DsAK)                     Turns: 6882, Time: 00:14:38

Health: -1/87      AC: 12    Str: 15    XL:     8   Next: 54%
Magic:  9/9        EV:  2    Int: 14    God:    Lugonu [***...]
Gold:   316        SH:  3    Dex: 12    Spells: 0 memorised, 7 levels left

rFire  . . .     SeeInvis +     a - +1 spear
rCold  . . .     Clarity  .     (armour currently unavailable)
rNeg   + + +     SustAt   .     k - +0 buckler
rPois  +         Gourm    .     (helmet currently unavailable)
rElec  .         Spirit   .     (cloak currently unavailable)
rCorr  .         Warding  .     (gloves currently unavailable)
rMut   .         NoTele   +     (boots currently unavailable)
MR     .....                    (no amulet)
Stlth  +.........               A - ring of see invisible
                                e - +4 ring of evasion

@: tree-form, corroded equipment, not resistant to hostile enchantments, very
unstealthy
A: (hooves 0), (large bone plates 0), powered by pain 1
a: Depart the Abyss, Bend Space, Banish, Renounce Religion


You were on level 6 of the Dungeon.
You worshipped Lugonu.
Lugonu was most pleased with you.
You were not hungry.
You were a tree.
You visited 1 branch of the dungeon, and saw 9 of its levels.
You visited the Abyss 1 time.

You collected 316 gold pieces.

Inventory:

Hand weapons
 a - a +1 spear (weapon)
Armour
 f - the +3 leather armour of the Peasants (melded) {+Fly rElec rC-}
   (You found it on level 5 of the Dungeon)

   It makes you vulnerable to cold.
   It insulates you from electricity.
   It lets you fly.
 j - a +1 cloak (melded)
 k - a +0 buckler (worn)
 y - a +0 helmet (melded)
Jewellery
 e - a +4 ring of evasion (left branch)
 A - a ring of see invisible (right branch)
Scrolls
 b - 4 scrolls of identify
 g - 5 scrolls of enchant armour
 i - 3 scrolls of remove curse
 l - a scroll of acquirement {unknown}
 n - a scroll of recharging
 r - 2 scrolls of magic mapping
 s - a scroll of immolation
 w - a scroll of fog
Potions
 d - a potion of cancellation {unknown}
 m - 2 potions of heal wounds
 o - 3 potions of brilliance
 q - a potion of might
 u - a potion of invisibility
 v - 3 potions of lignification
 x - a potion of flight {unknown}
 C - a potion of mutation {unknown}
Comestibles
 c - 3 bread rations
 h - 3 beef jerkies
 p - 2 meat rations
 t - 6 fruits
 z - a chunk of flesh
 B - a slice of pizza


   Skills:
 - Level 3.0 Fighting
 + Level 10.0 Polearms
 - Level 1.7 Armour
 - Level 0.8 Dodging
 - Level 2.4 Invocations


You had 7 spell levels left.
You didn't know any spells.

Dungeon Overview and Level Annotations

Branches:
Dungeon (9/15)             Temple (0/1) D:4
   Lair: D:8-11         Orc: D:9-12

Altars:
Cheibriados
Dithmenos
Fedhas
Trog
Vehumet
Xom

Annotations:
D:5 Menkaure


Innate Abilities, Weirdness & Mutations

((You have large cloven feet.))
((You are mostly covered in large bone plates (AC +3, SH +3).))
You sometimes gain a little power by taking damage.


Message History

* * * LOW HITPOINT WARNING * * *
You are splashed with acid!
The acid burns!
* * * LOW HITPOINT WARNING * * *
Drink which item? (? for menu, Esc to quit)
You turn into a tree.
Your +1 cloak melds into your body.
Your +0 helmet melds into your body.
The +3 leather armour of the Peasants {+Fly rElec rC-} melds into your body.
Your roots penetrate the ground.
The jelly hits you but does no damage.
Your shield prevents you from hitting the jelly.
The jelly is heavily wounded.
The jelly hits you but does no damage.
You hit the jelly but do no damage.
Your branches burn!
* * * LOW HITPOINT WARNING * * *
The jelly is heavily wounded.
You hit the jelly but do no damage.
Your branches burn!
* * * LOW HITPOINT WARNING * * *
The jelly is heavily wounded.
The jelly hits you but does no damage.
You hit the jelly but do no damage.
Your branches burn!
You die...

#.............#######
####.##..>...........
#.##........######
#..#.##.....#
##.#.##.....#
#...##.....#
##..######## #J.#
##♣# ###


You could see a jelly.

Vanquished Creatures
  Edmund (D:4)
  A phantom (D:4)
  2 ogres
  A centaur (D:5)
  A crocodile (D:6)
  Blork the orc (D:4)
  7 killer bees
  A scorpion (D:4)
  An orc wizard (D:4)
  A centaur skeleton (D:4)
  A crimson imp (D:6)
  A gnoll shaman (D:4)
  A jelly (D:6)
  Crazy Yiuf (D:3)
  2 iguanas
  Ijyb (D:3)
  2 worker ants
  A killer bee zombie (D:7)
  A hound zombie (D:3)
  A worker ant zombie (D:6)
  Robin (D:4)
  7 adders
  3 gnolls (D:4)
  3 shadow imps
  4 worms
  3 giant geckos
  7 orcs
  2 bats
  4 giant cockroaches
  10 goblins
  12 hobgoblins
  8 jackals
  2 giant newts
  5 kobolds (D:1)
  13 rats
113 creatures vanquished.

Vanquished Creatures (others)
  A quokka (D:8)
1 creature vanquished.

Grand Total: 114 creatures vanquished

Notes
Turn   | Place    | Note
--------------------------------------------------------------
     0 | Abyss:1  | urechis the Demonspawn Abyssal Knight began the quest for the Orb.
     0 | Abyss:1  | Reached XP level 1. HP: 18/18 MP: 2/2
    20 | D:1      | Escaped the Abyss
   220 | D:1      | Gained mutation: You sometimes gain a little power by taking damage. [demonic ancestry]
   220 | D:1      | Reached XP level 2. HP: 20/24 MP: 3/3
   817 | D:2      | Acquired Lugonu's second power
  1033 | D:2      | Reached XP level 3. HP: 22/29 MP: 4/4
  1895 | D:3      | Gained mutation: You are partially covered in large bone plates (AC +2, SH +2). [demonic ancestry]
  1895 | D:3      | Reached XP level 4. HP: 26/35 MP: 5/5
  1976 | D:3      | Reached skill level 4 in Polearms
  2064 | D:3      | Noticed Crazy Yiuf
  2083 | D:3      | Killed Crazy Yiuf
  2156 | D:3      | Noticed a moth of wrath
  2159 | D:3      | Found a bloodstained altar of Trog.
  2248 | D:3      | Found a shadowy altar of Dithmenos.
  2371 | D:3      | Found a blossoming altar of Fedhas.
  2375 | D:3      | Found a shimmering altar of Xom.
  2380 | D:3      | Found a radiant altar of Vehumet.
  2447 | D:3      | Noticed Ijyb
  2477 | D:3      | Killed Ijyb
  2477 | D:3      | Gained mutation: You have large cloven feet. [demonic ancestry]
  2477 | D:3      | Reached XP level 5. HP: 37/41 MP: 6/6
  2907 | D:4      | Noticed Edmund
  2933 | D:4      | Reached skill level 5 in Polearms
  2980 | D:4      | Found a snail-covered altar of Cheibriados.
  3040 | D:4      | Killed Edmund
  3040 | D:4      | Reached skill level 6 in Polearms
  3040 | D:4      | Reached XP level 6. HP: 21/47 MP: 7/7
  3300 | D:4      | Found a staircase to the Ecumenical Temple.
  3354 | D:4      | Noticed Blork the orc
  3367 | D:4      | Killed Blork the orc
  3490 | D:4      | Noticed Robin
  3506 | D:4      | Acquired Lugonu's third power
  3569 | D:4      | Killed Robin
  3795 | D:4      | Reached skill level 7 in Polearms
  3795 | D:4      | Gained mutation: You are mostly covered in large bone plates (AC +3, SH +3). [demonic ancestry]
  3795 | D:4      | Reached XP level 7. HP: 39/52 MP: 8/8
  4132 | D:5      | Entered Level 5 of the Dungeon
  4798 | D:4      | Reached skill level 8 in Polearms
  5043 | D:5      | Got a crude leather armour
  5054 | D:5      | Identified the +3 leather armour of the Peasants {+Fly rElec rC-} (You found it on level 5 of the Dungeon)
  5277 | D:5      | Found a radiant altar of Vehumet.
  5340 | D:5      | Reached XP level 8. HP: 20/58 MP: 9/9
  5568 | D:5      | Noticed Menkaure
  5680 | D:5      | Reached skill level 9 in Polearms
  6225 | D:6      | You fall through a shaft for 3 floors!
  6826 | D:7      | Reached skill level 10 in Polearms
  6881 | D:6      | HP: 4/87 [acid (5)]
  6882 | D:6      | Splashed by a jelly's acid

Vault maps used:
D:1:      lightli_arrival_lavapool, hangedman_decor_push, corner_web_ring
D:2:      mumra_celtic_spiral_tile, moated_statue
D:3:      grunt_dithmenos_smoke_and_mirrors, minmay_overflow_temple_star_quad,
          tgw_trog, uniq_crazy_yiuf_cottage, uniq_iyjb
D:4:      overflow_temple_1_default, temple_statues, uniq_blork_the_orc,
          uniq_edmund, uniq_robin
D:5:      first_bread, basic_altar, uniq_menkaure
D:8:      elyvilon_altar_4, gammafunk_temple_overflow_pools, serial_shops,
          kennysheep_mini, grunt_pizzeria
D:9:      evilmike_ruin_ashenzari

Action                   |  1- 3 |  4- 6 |  7- 9 || total
-------------------------+-------+-------+-------++-------
Melee: Spear             |   145 |   319 |   455 ||   919
Invok: Bend Space        |       |       |     1 ||     1
  Use: Potion            |       |     1 |     6 ||     7
       Scroll            |       |       |    12 ||    12
  Eat: Chunk             |     2 |     8 |     6 ||    16
       Royal jelly       |       |       |     1 ||     1
       Fruit             |       |       |     2 ||     2
